 Dungeon Crawl Stone Soup version 0.24-a0-333-g864f2b5 (webtiles) character file.

Game seed: 10035586336987105796

12670 Borgoz the Cruncher (level 11, -21/89 HPs)
             Began as a Minotaur Gladiator on May 17, 2019.
             Was a High Priest of Okawaru.
             Demolished by a guardian mummy (25 damage)
             ... on level 15 of the Dungeon.
             The game lasted 00:24:04 (10891 turns).

Borgoz the Cruncher (Minotaur Gladiator)           Turns: 10891, Time: 00:24:05

Health: -21/89     AC:  8    Str: 18    XL:     11   Next: 65%
Magic:  0/14       EV: 18    Int:  5    God:    Okawaru [*****.]
Gold:   345        SH:  0    Dex: 16    Spells: 10/10 levels left

rFire    . . .     SeeInvis +   a - +0 quarterstaff
rCold    . . .     Gourm    .   (shield currently unavailable)
rNeg     . . .     Faith    .   R - +0 troll leather armour
rPois    +         Spirit   +   c - +0 hat
rElec    .         Reflect  .   A - scarf {Spirit}
rCorr    .         Harm     .   s - +0 pair of gloves
MR       .....                  K - +0 pair of boots {Fly}
Stlth    +++.......             F - amulet of regeneration
HPRegen  1.04/turn              P - ring of poison resistance (curse)
MPRegen  0.14/turn              H - ring of see invisible (curse)

@: about to teleport, flying, very slightly contaminated
A: retaliatory headbutt, horns 2, frail 1, high mp 1, MP-powered wands
a: Heroism, Finesse, Renounce Religion, Stop Flying


You were on level 15 of the Dungeon.
You worshipped Okawaru.
Okawaru was extremely pleased with you.
You were not hungry.

You visited 2 branches of the dungeon, and saw 14 of its levels.

You collected 780 gold pieces.
You spent 435 gold pieces at shops.

Inventory:

Hand Weapons
 a - a +0 quarterstaff (weapon)
 g - a +4 quarterstaff of chaos
Missiles
 b - 27 poisoned darts (quivered)
 n - 8 curare-tipped darts
 B - 9 boomerangs
Armour
 c - a +0 hat (worn)
 s - a +0 pair of gloves (worn)
 v - a +0 chain mail
 y - a scarf of repulsion
 A - a scarf of spirit shield (worn)
 K - a +0 pair of boots of flying (worn)
 R - a +0 troll leather armour (worn)
Jewellery
 e - an uncursed ring of protection from cold
 h - an uncursed ring of protection from cold
 r - an uncursed amulet of faith
 z - an uncursed ring of wizardry
 F - an amulet of regeneration (around neck)
 H - a cursed ring of see invisible (right hand)
 P - a cursed ring of poison resistance (left hand)
Wands
 w - a wand of paralysis (7)
 G - a wand of iceblast (27)
 I - a wand of polymorph (8)
 J - a wand of digging (10)
Scrolls
 i - 6 scrolls of enchant armour
 k - 8 scrolls of remove curse
 l - 5 scrolls of magic mapping
 m - 4 scrolls of amnesia
 o - 3 scrolls of blinking
 q - 4 scrolls of teleportation
 t - 6 scrolls of enchant weapon
 u - 2 scrolls of fear
 x - a scroll of summoning
 E - a scroll of noise {unknown}
Potions
 d - a potion of cancellation
 j - a potion of flight
 p - 4 potions of curing
 C - 2 potions of lignification
 D - a potion of haste
 O - a potion of berserk rage
 Q - a potion of brilliance
Comestibles
 f - 15 rations
 M - 16 chunks of flesh


   Skills:
 * Level 9.9 Fighting
 * Level 12.3 Staves
 - Level 2.0 Throwing
 * Level 9.5 Armour
 * Level 9.5 Dodging
 - Level 5.0 Stealth
 + Level 3.5 Invocations
 + Level 3.2 Evocations


You had 10 spell levels left.
You didn't know any spells.
Your spell library contained the following spells:

 Spells                   Type           Power        Failure   Level  Hunger
 Confusing Touch          Hex            #.....       52%         1    ##.....
 Poisonous Vapours        Pois/Air       #.....       67%         2    ###....
 Confuse                  Hex            #.......     88%         3    ####...
 Conjure Flame            Conj/Fire      #.......     88%         3    ####...
 Gell's Gravitas          Tloc           #.........   88%         3    ####...
 Mephitic Cloud           Conj/Pois/Air  #.......     88%         3    ####...
 Petrify                  Tmut/Erth      #.......     99%         4    #####..
 Metabolic Englaciation   Hex/Ice        #.........   100%        5    ######.
 Yara's Violent Unravell  Hex/Tmut       #.........   100%        5    ######.
 Freezing Cloud           Conj/Ice/Air   #.........   100%        6    #######
 Ring of Flames           Chrm/Fire      #.........   100%        7    #######


Dungeon Overview and Level Annotations

Branches:
Dungeon (12/15)            Temple (1/1) D:7            Lair (0/6) D:9
 Depths (0/5) D:15
    Orc: D:9-12

Altars:
Ashenzari
Cheibriados
Dithmenos
Elyvilon
Fedhas
Gozag
Hepliaklqana
Kikubaaqudgha
Makhleb
Nemelex Xobeh
Okawaru
Qazlal
Ru
Sif Muna
Trog
Uskayaw
Vehumet
Wu Jian
Xom
Yredelemnul
Zin
The Shining One
Beogh

Shops:
D:4 *   D:6 !?(   D:7 [

Annotations:
D:15 Jorgrun


Innate Abilities, Weirdness & Mutations

You reflexively headbutt those who attack you in melee.
You have a pair of horns on your head.
You are frail. (-10% HP)
You have an increased reservoir of magic. (+10% MP)
You expend magic power (3 MP) to strengthen your wands.


Message History

A guardian mummy comes into view.
There are no items here.
Unknown command.
As you read the scroll of teleportation, it crumbles to dust.
You feel strangely unstable.
An unseen horror comes into view.
The vampire mage mumbles some strange words.
The cyclops throws a large rock.
The large rock hits you!
* * * LOW HITPOINT WARNING * * *
The flayed ghost cries, "Feel what I felt!"
The necromancer casts a spell at you.
You struggle to resist.
You see here a wand of flame (17).
The flayed ghost cries, "Suffer as I suffered!"
The vampire mage mumbles some strange words.
The vampire mage flickers and vanishes for a moment.
The centaur warrior zombie hits the withered plant.
You hear a grinding noise.
The guardian mummy hits you!!
You die...

#P.8.......P.. .
##........PP..8
.#......P>Z.Z...
..P..(.VZZ....8
#..P..PWV...8P
#8.PZWZ....8..
#P8.(Mz..8....
#.P@/xp...P.#
##.P8.....P.#
#####C####.# ...
####


You could see a skeletal warrior, a jiangshi, 2 flayed ghosts, a vampire mage
(invisible), a cyclops, a guardian mummy, a necromancer, an unseen horror
(invisible), a centaur warrior simulacrum, a sphinx zombie, 3 centaur warrior
zombies and a spriggan berserker skeleton.

Vanquished Creatures
  Erolcha (D:10)
  3 two-headed ogres
  Pikel (D:5)
  2 ugly things (D:11)
  A manticore (D:11)
  A centaur zombie (D:11)
  Psyche (D:8)
  A gargoyle (D:11)
  A troll (D:15)
  A hippogriff (D:9)
  Sigmund (D:5)
  A yak (D:9)
  2 vampire mosquitoes (D:15)
  Edmund (D:5)
  Duvessa (D:7)
  2 porcupines (D:9)
  2 orc warriors
  4 sky beasts
  4 slaves (D:5)
  3 black bears
  An ice beast (D:8)
  An eye of draining (D:8)
  A necrophage (D:11)
  3 phantoms (D:4)
  3 ogres
  15 centaurs
  A crocodile (D:9)
  A big kobold (D:9)
  4 bullfrogs
  Dowan (D:7)
  3 scorpions (D:9)
  A wyvern skeleton (D:8)
  6 killer bees (D:12)
  A howler monkey (D:4)
  4 wights (D:11)
  4 electric eels (D:7)
  4 crimson imps
  A bullfrog zombie (D:5)
  3 quasits
  10 hounds
  6 jellies
  4 bullfrog skeletons
  Crazy Yiuf (D:2)
  5 orc priests
  5 orc wizards
  13 worker ants
  Ijyb (D:5)
  4 iguanas
  Terence (D:2)
  A hound zombie (D:8)
  2 worker ant zombies
  7 gnolls
  15 adders
  4 shadow imps
  5 oozes (D:8)
  3 worms
  3 dart slugs
  6 leopard geckos
  46 orcs
  4 bats
  6 giant cockroaches
  4 goblins
  11 hobgoblins
  13 jackals
  14 kobolds
  2 quokkas (D:7)
  2 ball pythons
  3 frilled lizards
  A giant cockroach zombie (D:5)
  8 rats
302 creatures vanquished.

Vanquished Creatures (others)
  Prince Ribbit (D:7)
  32 fungi (D:9)
  15 plants (D:9)
48 creatures vanquished.

Grand Total: 350 creatures vanquished

Notes
Turn   | Place    | Note
-------+----------+-------------------------------------------
     0 | D:1      | Borgoz the Minotaur Gladiator began the quest for the Orb.
     0 | D:1      | Reached XP level 1. HP: 18/18 MP: 0/0
     3 | D:1      | You fall through a shaft!
    95 | D:2      | Reached skill level 4 in Staves
    95 | D:2      | Reached XP level 2. HP: 25/25 MP: 1/1
   165 | D:1      | Reached skill level 1 in Armour
   292 | D:1      | Reached XP level 3. HP: 26/30 MP: 2/2
   862 | D:2      | Reached skill level 1 in Stealth
  1037 | D:2      | Found a burning altar of Makhleb.
  1039 | D:2      | Noticed Terence
  1051 | D:2      | Killed Terence
  1051 | D:2      | Reached XP level 4. HP: 19/38 MP: 3/3
  1362 | D:2      | Found a runed translucent door.
  1363 | D:2      | Noticed Crazy Yiuf
  1404 | D:2      | Gained mutation: Scrolls take you a little longer to read.
                  | [potion of mutation]
  1404 | D:2      | Gained mutation: You expend magic power (3 MP) to
                  | strengthen your wands. [potion of mutation]
  1404 | D:2      | Gained mutation: You have large cloven feet. [potion of
                  | mutation]
  1410 | D:2      | Killed Crazy Yiuf
  2224 | D:3      | Reached skill level 5 in Staves
  2307 | D:3      | Reached XP level 5. HP: 45/45 MP: 4/4
  2326 | D:3      | Found a faded altar of an unknown god.
  2632 | D:4      | Found Hilukais's Assorted Antiques.
  2686 | D:4      | Bought a scroll labeled JYMEWKYMY CIDEIKHLU for 22 gold
                  | pieces
  2686 | D:4      | Bought a scroll labeled EBREUPRAFIO for 22 gold pieces
  3135 | D:4      | Noticed a phantom
  3177 | D:4      | Killed a phantom
  3177 | D:4      | Reached XP level 6. HP: 43/52 MP: 5/5
  3211 | D:4      | Reached skill level 6 in Staves
  3304 | D:4      | Reached XP level 7. HP: 28/59 MP: 6/6
  3806 | D:5      | Entered Level 5 of the Dungeon
  3819 | D:4      | Reached skill level 5 in Dodging
  3961 | D:5      | Noticed Sigmund
  3972 | D:5      | Reached skill level 7 in Staves
  3984 | D:5      | Killed Sigmund
  4157 | D:5      | Reached skill level 5 in Fighting
  4157 | D:5      | Reached XP level 8. HP: 65/68 MP: 7/7
  4323 | D:5      | Found a shadowy altar of Dithmenos.
  4405 | D:5      | Noticed Pikel
  4443 | D:5      | Noticed Ijyb
  4453 | D:5      | Paralysed by Ijyb for 2 turns
  4462 | D:5      | Paralysed by Ijyb for 5 turns
  4501 | D:5      | Paralysed by Ijyb for 2 turns
  4514 | D:5      | Killed Pikel
  4514 | D:5      | Reached skill level 8 in Staves
  4514 | D:5      | Reached skill level 5 in Armour
  4515 | D:5      | Paralysed by Ijyb for 2 turns
  4519 | D:5      | Killed Ijyb
  4763 | D:5      | Noticed Edmund
  4778 | D:5      | Killed Edmund
  5009 | D:5      | Reached skill level 9 in Staves
  5179 | D:6      | Reached XP level 9. HP: 72/75 MP: 8/8
  5327 | D:6      | Found Xatuwn's Distillery.
  5361 | D:6      | Lost mutation: You have large cloven feet. [potion of
                  | mutation]
  5361 | D:6      | Lost mutation: Scrolls take you a little longer to read.
                  | [potion of mutation]
  5361 | D:6      | Gained mutation: You are frail. (-10% HP) [potion of
                  | mutation]
  5361 | D:6      | Gained mutation: You have an increased reservoir of magic.
                  | (+10% MP) [potion of mutation]
  5439 | D:6      | Found Suarauff's Magic Scroll Boutique.
  5463 | D:6      | Bought a scroll of magic mapping for 45 gold pieces
  5463 | D:6      | Bought a scroll of teleportation for 39 gold pieces
  5520 | D:6      | Found Acolox's Weapon Emporium.
  5787 | D:7      | Noticed Prince Ribbit
  6323 | D:7      | Found Xatoil's Armour Shoppe.
  6323 | D:7      | Noticed Duvessa
  6323 | D:7      | Noticed Dowan
  6333 | D:7      | Killed Duvessa
  6339 | D:7      | Killed Dowan
  6352 | D:7      | Bought a +0 pair of boots of flying for 172 gold pieces
  6363 | D:7      | Killed Prince Ribbit
  6449 | D:7      | Reached skill level 10 in Staves
  6642 | D:7      | Found a staircase to the Ecumenical Temple.
  6738 | Temple   | Entered the Ecumenical Temple
  6779 | Temple   | Became a worshipper of Warmaster Okawaru
  7029 | D:8      | Noticed Psyche
  7051 | D:8      | Killed Psyche
  7051 | D:8      | Reached skill level 5 in Stealth
  7172 | D:8      | Reached * piety under Okawaru
  7194 | D:8      | Reached XP level 10. HP: 72/77 MP: 10/10
  7691 | D:9      | Noticed a two-headed ogre
  7749 | D:7      | Bought a scarf of spirit shield for 135 gold pieces
  7968 | D:9      | Killed a two-headed ogre
  7968 | D:9      | Reached skill level 11 in Staves
  7968 | D:9      | Reached skill level 1 in Invocations
  8176 | D:9      | Reached ** piety under Okawaru
  8176 | D:9      | Reached skill level 1 in Evocations
  8345 | D:9      | Found a staircase to the Lair.
  8606 | D:9      | Found a roughly hewn altar of Beogh.
  8689 | D:10     | Entered Level 10 of the Dungeon
  8978 | D:10     | Noticed a two-headed ogre
  8979 | D:10     | Noticed a two-headed ogre
  8990 | D:10     | Killed a two-headed ogre
  8990 | D:10     | Reached *** piety under Okawaru
  8992 | D:10     | Killed a two-headed ogre
  9104 | D:10     | Found a white marble altar of Elyvilon.
  9422 | D:10     | Noticed Erolcha
  9432 | D:10     | Killed Erolcha
  9432 | D:10     | Reached **** piety under Okawaru
  9432 | D:10     | Reached XP level 11. HP: 59/87 MP: 7/13
 10106 | D:11     | Found a blossoming altar of Fedhas.
 10106 | D:11     | Noticed a red ugly thing
 10124 | D:11     | Killed a red ugly thing
 10230 | D:11     | Reached skill level 12 in Staves
 10259 | D:11     | Received a gift from Okawaru
 10417 | D:11     | Noticed a cyan ugly thing
 10431 | D:11     | Killed a cyan ugly thing
 10657 | D:12     | Found a sparkling altar of Nemelex Xobeh.
 10695 | D:12     | Received a gift from Okawaru
 10799 | D:12     | You are sucked into a shaft for 3 floors!
 10799 | D:15     | Entered Level 15 of the Dungeon
 10823 | D:15     | Reached ***** piety under Okawaru
 10875 | D:15     | Noticed Jorgrun
 10888 | D:15     | Found a staircase to the Depths.
 10888 | D:15     | Noticed a necromancer
 10888 | D:15     | Noticed a skeletal warrior
 10889 | D:15     | Noticed a vampire mage
 10889 | D:15     | Noticed a flayed ghost
 10889 | D:15     | Noticed a flayed ghost
 10889 | D:15     | Noticed an unseen horror
 10889 | D:15     | HP: 2/89 [cyclops/large rock (13)]
 10890 | D:15     | Noticed a jiangshi
 10891 | D:15     | Demolished by a guardian mummy

Levels and vault maps discovered:
D:1:      scummos_arrival_forest, layout_loops_ring, minmay_hexomino_f4
D:2:      layout_loops_ring, lemuel_doored_altar, uniq_terence,
          uniq_crazy_yiuf_cottage
D:3:      layout_loops_ring, chequers_ecumenical_altar_simple_redux
D:4:      layout_loops_ring, serial_shops, shop
D:5:      layout_loops_corners, first_ration, basic_altar, uniq_edmund,
          uniq_pikel, uniq_sigmund, uniq_ijyb
D:6:      layout_basic, serial_shops, shop, nicolae_shop_behind_doors,
          shop_scrolls
D:7:      layout_loops_cross, lemuel_temple_firewalk_b, serial_shops,
          nicolae_shop_crystal, chequers_big_river, uniq_prince_ribbit1,
          uniq_duvessa
D:8:      layout_loops_ring, hangedman_little_slice_of_home, uniq_psyche
D:9:      layout_roguey, due_lair_maze_entry_diamond, special_room
          [special_room_orc], kennysheep_small_spiral
D:10:     layout_stronghold, basic_altar, uniq_erolcha
D:11:     layout_loops_cross, fedhas_altar_1
D:12:     layout_irregular_city, zombieorc2_lemuel, serial_shops, shop, shop,
          nicolae_shop_temple_entry_statues_fountains,
          nicolae_shop_behind_doors, lemuel_centaur_altar
D:15:     gammafunk_depths_entry_grave, layout_loops_cross, uniq_roxanne,
          uniq_rupert, uniq_jorgrun, uniq_louise
Temple:   grunt_wide_crystal_templ

Skill      XL: |  1  2  3  4  5  6  7  8  9 10 11 |
---------------+----------------------------------+-----
Staves         | 4 5 6 7 9 10 11 12 | 12.3
Armour         | 1 2 3 4 5 6 8 9 |  9.5
Stealth        | 1 2 3 4 5 |  5.0
Fighting       | 3 4 5 6 7 9 |  9.9
Dodging        | 4 5 6 7 8 9 |  9.5
Invocations    | 2 3 |  3.5
Evocations     | 2 3 |  3.2
Throwing       | |  2.0

Action                   |  1- 3 |  4- 6 |  7- 9 | 10-12 || total
-------------------------+-------+-------+-------+-------++-------
Melee: Quarterstaff      |    64 |   118 |   365 |   420 ||   967
       Headbutt          |     7 |    28 |    83 |   109 ||   227
       Kick              |       |    28 |    53 |       ||    81
Throw: Throwing net      |     2 |     3 |     3 |       ||     8
       Dart              |       |       |       |     1 ||     1
Invok: Heroism           |       |       |       |     1 ||     1
Evoke: Wand              |       |       |     9 |     6 ||    15
  Use: Potion            |       |     5 |     4 |     3 ||    12
       Scroll            |       |     9 |     5 |    10 ||    24
 Stab: Held in net/web   |     1 |     1 |       |       ||     2
       Sleeping          |     1 |       |       |       ||     1
       Paralysed         |       |       |     1 |     3 ||     4
  Eat: Chunk             |       |     4 |    13 |    12 ||    29
       Ration            |       |     1 |       |       ||     1
Armor: Leather armour    |    13 |       |       |       ||    13
       Chain mail        |       |    52 |   195 |   129 ||   376
Dodge: Dodged            |    51 |    41 |   201 |   231 ||   524
       Deflected         |       |       |     3 |       ||     3

Table legend:
 A = Non-vault XP
 B = Vault XP
 C = Vault XP percentage of total XP
 D = Non-vault monster count
 E = Vault monster count
 F = Vault count percentage of total count
                 A         B        C        D         E       F
            +---------+---------+-------+---------+---------+-------
      Total |   13599 |    4502 |  24.9 |     245 |      53 |  17.8
            +---------+---------+-------+---------+---------+-------
        D:1 |      40 |       7 |  14.9 |      21 |       3 |  12.5
        D:2 |      44 |      73 |  62.4 |      10 |       2 |  16.7
        D:3 |      68 |       0 |   0.0 |      24 |       0 |   0.0
        D:4 |     835 |       0 |   0.0 |      22 |       0 |   0.0
        D:5 |     573 |    1122 |  66.2 |      30 |       4 |  11.8
        D:6 |     455 |       0 |   0.0 |      22 |       0 |   0.0
        D:7 |     838 |     224 |  21.1 |      14 |       2 |  12.5
        D:8 |     913 |     605 |  39.9 |      23 |       9 |  28.1
        D:9 |    1846 |     989 |  34.9 |      21 |      28 |  57.1
       D:10 |    2350 |    1018 |  30.2 |      13 |       1 |   7.1
       D:11 |    4416 |       0 |   0.0 |      33 |       0 |   0.0
       D:12 |     421 |     464 |  52.4 |       8 |       4 |  33.3
       D:15 |     800 |       0 |   0.0 |       4 |       0 |   0.0
            +---------+---------+-------+---------+---------+-------
